Match 24816898
Unlisted

Match 24816898
End
Selects Italian Infantry
250 Light Carrier
Panzergrenadier Squad
Construct Light Support Kompanie
MG34 Team
Assault Grenadier Squad
2.5-tonne Medical Truck
Fire Support Elements
le.IG 18 Mechanized Group
Selects Guastatori Squad
Pak 38 Anti-tank Gun Team
Guastatori Squad
Veteran Squad Leaders
Guastatori Squad
Construct Mechanized Kompanie
Construct Panzerarmee Kommand
Selects Registered Artillery
Selects Towed Cannone da 105/28 Field Howitzer
Guastatori Squad
Pak 38 Anti-tank Gun Team
Flak 36 Anti-tank Gun Team
Selects Defensive Operations
Selects Territory Booby Traps
Guastatori Squad
Sigerod
Boris Britva
Bot
假山
Karolis
★HAL-9000★☠
Serial Chiller
heungdong72
0
0

Comments sign in to comment!

No comments posted yet!